 BcadrenCrawl: Boulder Brew version 0.05.21-81-gd28e3044bd (webtiles) character file.

Game seed: 6509908342221614533, levelgen mode: deterministic

3 theanonym the Ducker (level 1, -1/14 HPs) Mummified Minotaur. Began on Sept 6, 2021. Slain by a hobgoblin ... wielding a +0 club (5 damage) ... on level 1 of the Dungeon. The game lasted 00:00:15 (60 turns).

theanonym the Ducker (Minotaur Mummy)                 Turns: 60, Time: 00:00:15

Health: -1/14      AC:  3    Str: 15    XL:     1 ^: 7
Magic:  1/1        EV: 11    Int: 16    God:
Gold:   7          SH:  0    Dex:  4    Spells: 2/3 levels left

rFire    x . .     Vision   .   a - +0 hatchet
rCold    + . .     Gourm    .   (no weapon)
rNeg     + + +     Faith    .   b - +0 leather armour
rCorr    . . .     Spirit   .   (helmet restricted)
rPois    ∞         Reflect  .   (no cloak)
rElec    .         Harm     .   (no gloves)
MR       .....                  (no boots)
Stlth    +.........             (no amulet)
HPRegen  0.14/turn              (no ring)
MPRegen  0.11/turn              (no ring)

@: no status effects
A: horns, retaliatory headbutt 2, cold resistance 1, negative energy resistance
3, torment resistance, unbreathing, heat vulnerability 1, in touch with death 1,
ancient wisdom
a: no special abilities


Innate Abilities, Weirdness & Mutations

You are immune to poison.
You reflexively attack those that strike you in melee with your horns.
You are cold resistant. (rC+)
You are immune to negative energy. (rN+++)
You are immune to unholy pain and torment.
You can survive without breathing.
You are vulnerable to heat. (rF-)
You are in touch with the powers of death.
You can memorise 50% more levels worth of spells.
You gain random stats at level up more slowly, but gain an extra +1 intelligence each time.


   Skills:
 + Level 0.2 Fighting
 * Level 2.6 Axes & Hammers
 + Level 0.2 Armour
 - Level 3.2 Dodging
 - Level 1.5 Stealth
 - Level 1.4 Spellcasting
 - Level 2.1 Necromancy


You had 2 spell levels left.
You knew the following spells:

 Your Spells              Type           Power        Failure   Level  Hunger
a - Pain                  Hex/Necr       6 (25)       16%         1    N/A

Your spell library contained the following spells:

 Spells                   Type           Power        Failure   Level  Hunger
 Vampiric Draining        Necr           12 (200)     30%         3    N/A
 Pryten's Skeletal Upris  Chrm/Necr      6 (200)      43%         3    N/A
 Animate Dead             Necr           N/A          69%         4    N/A
 Regeneration             Chrm/Necr      Unusable     N/A         3    N/A

Action                   || total
-------------------------++-------
Melee: Hatchet           ||    15
       Unarmed           ||    12
Armor: Leather armour    ||     5
Dodge: Dodged            ||     6

Inventory:

Weapons
 a - a +0 hatchet (weapon)
Armour
 b - a +0 leather armour (worn)


You were on level 1 of the Dungeon.
You were not hungry.

You visited 1 branch of the dungeon, and saw 1 of its levels.

You collected 7 gold pieces.

Dungeon Overview and Level Annotations

Branches:
Dungeon (1/8)

Altars:

#..≈#....# #..#.#..
....≈>...#.###....#.####
.#....#.##...#.)..#.....
#....#.....†.).....######
#....###.†...............
#.... #...........#####
#.... #...........# ###
............$#
.####.....@...# .
+.....g...# #.........#
.........### .........#
.........# .........#
.........#


You could see a hobgoblin.

Notes
Turn   | Place    | Note
-------+----------+-------------------------------------------
     0 | D:1      | theanonym the Minotaur Mummy began the quest for the Orb.
     0 | D:1      | Reached XP level 1. HP: 14/14 MP: 1/1
    57 | D:1      | HP: 5/14 [hobgoblin/+0 club (3)]
    60 | D:1      | Slain by a hobgoblin

Vanquished Creatures
  A goblin (D:1)
  3 rats (D:1)
4 creatures vanquished.

Table legend:
 A = Turns spent in this place as a percentage of turns spent in the entire game.
 B = Non-inter-level travel turns spent in this place as a percentage of non-inter-level travel turns spent in the entire game.
 C = Inter-level travel turns spent in this place as a percentage of turns spent in this place.
 D = Turns resting spent in this place as a percentage of non-inter-level travel turns spent in this place.
 E = Turns spent auto-exploring this place as a percentage of non-inter-level travel turns spent in this place.
 F = Non-inter-level travel turns spent in this place divided by the number of levels of this place that you've seen.
                   A       B       C       D       E      F
               +-------+-------+-------+-------+-------+----------------------
         Total | 100.0 | 100.0 |   0.0 |   0.0 |  55.0 |  60.0
       Dungeon | 100.0 | 100.0 |   0.0 |   0.0 |  55.0 |  60.0
               +-------+-------+-------+-------+-------+----------------------
